 Dungeon Crawl Stone Soup version 0.28.0-43-g3370ac3207 (webtiles) character file.

Game seed: 2988092381747962591

62 jimonade the Conjurer (level 4, -2/28 HPs)
             Began as an Octopode Conjurer on Mar 19, 2022.
             Slain by Grinder (5 damage)
             ... on level 3 of the Dungeon.
             The game lasted 00:08:43 (2887 turns).

jimonade the Conjurer (Octopode Conjurer)           Turns: 2887, Time: 00:08:44

Health: -2/28      AC:  1    Str:  6    XL:     4   Next: 8%
Magic:  7/7        EV: 13    Int: 22    God:
Gold:   117        SH:  0    Dex: 10    Spells: 1/7 levels left

rFire   . . .      SeeInvis .   g - +0 dagger (speed)
rCold   . . .      Faith    .   (no shield)
rNeg    + + .      Spirit   .   (helmet restricted)
rPois   .          Reflect  .   (no amulet)
rElec   .          Harm     .   a - ring of positive energy
rCorr   +          Rampage  .   l - ring of positive energy
Will    .....                   i - ring of resist corrosion
Stlth   +++.......              (no ring)
HPRegen 0.09/turn               (no ring)
MPRegen 0.10/turn               (no ring)
                                (no ring)
                                (no ring)

@: no status effects
A: almost no armour, amphibious, 8 rings, camouflage 1, gelatinous body 1,
(nimble swimmer 1), tentacles
a: no special abilities


You were on level 3 of the Dungeon.
You visited 1 branch of the dungeon, and saw 3 of its levels.

You collected 117 gold pieces.

Inventory:

Hand Weapons
 g - a +0 dagger of speed (weapon)
Missiles
 c - 86 stones
 h - 60 arrows
 m - 2 throwing nets
 o - 21 sling bullets
Armour
 e - a +1 pair of boots
Jewellery
 a - a ring of positive energy (left tentacle)
 i - a ring of resist corrosion (on tentacle)
 l - a ring of positive energy (right tentacle)
Wands
 p - a wand of iceblast (4)
Scrolls
 d - a scroll of acquirement {unknown}
 k - a scroll of immolation {unknown}
 n - a scroll of amnesia {unknown}
 q - 2 scrolls of identify {unknown}
Potions
 b - a potion of magic {unknown}
 f - 2 potions of curing {unknown}
 j - a potion of lignification {unknown}
 r - a potion of heal wounds {unknown}


   Skills:
 * Level 1.6 Fighting
 + Level 2.0 Dodging
 - Level 2.6 Stealth
 * Level 2.2 Spellcasting
 * Level 5.0 Conjurations


You had one spell level left.
You knew the following spells:

 Your Spells              Type           Power      Damage    Failure   Level
a - Magic Dart            Conj           96%        1d7       1%          1
b - Searing Ray           Conj           48%        2d6       2%          2
c - Dazzling Flash        Conj/Hex       26%        N/A       14%         3

Your spell library contained the following spells:

 Spells                   Type           Power      Damage    Failure   Level
 Ozocubu's Armour         Ice            2%         N/A       38%         3
 Fulminant Prism          Conj/Hex       6%         3d7       43%         4
 Iskenderun's Mystic Bla  Conj/Tloc      13%        2d5       43%         4
 Metabolic Englaciation   Hex/Ice        1%         N/A       98%         5
 Simulacrum               Ice/Necr       1%         N/A       100%        6


Dungeon Overview and Level Annotations

Branches:
Dungeon (3/15)

Altars:
Kikubaaqudgha

Shops:
D:3 [

Annotations:
D:3 Grinder


Innate Abilities, Weirdness & Mutations

You cannot wear most types of armour.
You are amphibious.
You can wear up to eight rings at the same time.
Your skin changes colour to match your surroundings (Stealth+).
Your rubbery body absorbs attacks. (AC +1, EV +1)
((You are camouflaged when in or above water. (Stealth+)))
You have tentacles for arms and can constrict up to eight enemies at once.


Message History

You constrict Grinder, but do no damage.
Grinder closely misses you.
You hit Grinder. You squeeze Grinder, but do no damage.
Grinder is heavily wounded.
You constrict Grinder, but do no damage.
Grinder barely misses you.
You barely miss Grinder. You squeeze Grinder.
Grinder is severely wounded.
You constrict Grinder. You hit Grinder but do no damage.
Grinder is severely wounded.
You constrict Grinder, but do no damage.
Grinder hits you.
You writhe in agony.
You barely miss Grinder. You squeeze Grinder.
Grinder is almost dead.
You constrict Grinder, but do no damage.
Grinder hits you.
* * * LOW HITPOINT WARNING * * *
You hit Grinder but do no damage.
Grinder is almost dead.
You constrict Grinder, but do no damage.
Unknown command.
You hit Grinder but do no damage.
Grinder is almost dead.
You constrict Grinder, but do no damage.
Grinder closely misses you.
You hit Grinder but do no damage.
Grinder is almost dead.
You constrict Grinder. Grinder hits you.
* * * LOW HITPOINT WARNING * * *
You writhe in agony.
* * * LOW HITPOINT WARNING * * *
You hit Grinder.
Grinder is almost dead.
You constrict Grinder. You hit Grinder but do no damage.
Grinder is almost dead.
You constrict Grinder, but do no damage.
Grinder hits you.
You die...

###### # #####....#
########..
#...#....######<........
#...#.....).............
#......................
...................#####
.........######.@.....##
.............##..5.._.#Z
......................##
...................#####
...........#.........
.....++...............
.....##...............
#...###.............^.#
................


You could see Grinder and a human zombie.

Vanquished Creatures
  2 adders (D:2)
  An ufetubus (D:3)
  7 endoplasms
  4 goblins
  5 hobgoblins
  2 quokkas (D:2)
  2 ball pythons
  3 bats
  3 kobolds (D:1)
  7 rats
36 creatures vanquished.

Vanquished Creatures (others)
  A human (D:3)
1 creature vanquished.

Grand Total: 37 creatures vanquished

Notes
Turn   | Place    | Note
-------+----------+-------------------------------------------
     0 | D:1      | jimonade the Octopode Conjurer began the quest for the Orb.
     0 | D:1      | Reached XP level 1. HP: 11/11 MP: 3/3
   468 | D:1      | Reached XP level 2. HP: 18/18 MP: 3/5
  1251 | D:2      | Reached skill level 1 in Fighting
  1251 | D:2      | Reached XP level 3. HP: 16/23 MP: 6/6
  1254 | D:2      | Learned a level 2 spell: Searing Ray
  1258 | D:2      | Learned a level 3 spell: Dazzling Flash
  2413 | D:3      | Found Acletz's Armour Boutique.
  2461 | D:3      | Reached skill level 5 in Conjurations
  2461 | D:3      | Reached XP level 4. HP: 12/28 MP: 7/7
  2690 | D:3      | Noticed Grinder
  2862 | D:3      | Found an ancient bone altar of Kikubaaqudgha.
  2865 | D:3      | Noticed a human
  2866 | D:3      | Killed a human
  2872 | D:3      | Paralysed by Grinder for 3 turns
  2887 | D:3      | Slain by Grinder

Illustrated notes

Levels and vault maps discovered:
D:1:      dpeg_arrival_snail, layout_basic
D:2:      layout_basic
D:3:      layout_basic, tgw_kikubaaqudgha, serial_shops, shop,
          kennysheep_cross_bottleneck, uniq_grinder

Skill      XL: |  1  2  3 |
---------------+----------+-----
Fighting       | 1 |  1.6
Conjurations   | 5 |  5.0
Dodging        | |  2.0
Stealth        | |  2.6
Spellcasting   | |  2.2

Action                   |  1- 3 |  4- 6 || total
-------------------------+-------+-------++-------
Melee: Unarmed           |     7 |       ||     7
       Tentacles         |    12 |     7 ||    19
       Constrict         |    12 |     3 ||    15
       Dagger            |    49 |    23 ||    72
       Punch             |     1 |     1 ||     2
 Cast: Magic Dart        |    30 |       ||    30
 Stab: Sleeping          |     3 |     2 ||     5
Armor: Skin              |     3 |       ||     3
Dodge: Dodged            |    40 |     8 ||    48
